 Dungeon Crawl Stone Soup version 0.23-a0-417-gf02c810438 (webtiles) character file.

5734 Eqeqeq the Basher (level 10, -5/88 HPs)
             Began as a Black Draconian Warper on Nov 10, 2018.
             Slain by an orc warrior
             ... wielding a +0 broad axe
              (35 damage)
             ... in a bailey.
             The game lasted 00:26:46 (7777 turns).

Eqeqeq the Basher (Black Draconian Warper)          Turns: 7777, Time: 00:26:46

Health: -5/88      AC:  7    Str: 13    XL:     10   Next: 48%
Magic:  13/13      EV: 15    Int: 17    God:
Gold:   444        SH:  0    Dex: 11    Spells: 4/13 levels left

rFire    . . .     SeeInvis .   d - +3 flail (venom)
rCold    . . .     Gourm    .   (no shield)
rNeg     . . .     Faith    .   (armour unavailable)
rPois    .         Spirit   .   (helmet restricted)
rElec    +         Reflect  .   (no cloak)
rCorr    +         Harm     .   (no gloves)
MR       .....                  (no boots)
Stlth    +.........             b - amulet of regeneration
HPRegen  0.64/turn              r - ring of resist corrosion
MPRegen  0.13/turn              (no ring)

@: confused, very slightly contaminated
A: breathe lightning, unfitting armour, electricity resistance, cold-blooded, AC
+7
a: Breathe Lightning


You were in a bailey.
You were not hungry.

You visited 1 branch of the dungeon, and saw 7 of its levels.
You also visited: Ossuary and Bailey.

You collected 444 gold pieces.

Inventory:

Hand Weapons
 d - a +3 flail of venom (weapon)
 f - the +1 flail of Anyt {crush, -Tele rElec Int+6 SInv}
   (You found it on level 5 of the Dungeon)

   It inflicts extra damage upon your enemies.
   It affects your intelligence (+6).
   It insulates you from electricity.
   It lets you see invisible.
   It prevents most forms of teleportation.
 s - a +2 whip of flaming
Missiles
 o - 3 tomahawks of dispersal (quivered)
 p - 12 tomahawks
Jewellery
 b - an amulet of regeneration (around neck)
 n - an uncursed amulet of faith
 r - a ring of resist corrosion (left hand)
Wands
 g - a wand of flame (17)
 v - a wand of random effects (20)
Scrolls
 e - 2 scrolls of magic mapping
 j - 12 scrolls of teleportation
 l - 4 scrolls of remove curse
 t - a scroll of enchant weapon
 y - a scroll of identify
Potions
 a - a potion of magic
 h - a potion of brilliance {unknown}
 k - 2 potions of flight {unknown}
 z - 3 potions of haste
 A - a potion of agility
Comestibles
 m - 10 rations
 u - 6 chunks of flesh


   Skills:
 + Level 7.8 Fighting
 + Level 9.5 Maces & Flails
 - Level 1.0 Throwing
 + Level 6.6 Dodging
 - Level 2.0 Spellcasting
 * Level 8.1 Translocations
 + Level 3.5 Evocations


You had 4 spell levels left.
You knew the following spells:

 Your Spells              Type           Power        Failure   Level  Hunger
a - Blink                 Tloc           N/A          1%          2    ###....
b - Gell's Gravitas       Tloc           ####......   1%          3    ###....
d - Passage of Golubria   Tloc           N/A          7%          4    #####..

Your spell library contained the following spells:

 Spells                   Type           Power        Failure   Level  Hunger
 Lesser Beckoning         Tloc           ####......   1%          3    ###....
 Teleport Other           Tloc           ####....     1%          3    ###....
 Shroud of Golubria       Chrm/Tloc      ###.......   5%          2    ###....
 Confusing Touch          Hex            #.....       19%         1    #......
 Confuse                  Hex            #.......     50%         3    ###....
 Petrify                  Tmut/Erth      #.......     88%         4    #####..
 Metabolic Englaciation   Hex/Ice        #.........   99%         5    ######.
 Yara's Violent Unravell  Hex/Tmut       #.........   99%         5    ######.


Dungeon Overview and Level Annotations

Branches:
Dungeon (7/15)             Temple (0/1) D:7

Altars:
Fedhas
Makhleb
Trog
Zin
The Shining One

Shops:
D:6 %


Innate Abilities, Weirdness & Mutations

You can breathe wild blasts of lightning.
Your glossy black scales are hard. (AC +7)
You cannot fit into any form of body armour.
You are resistant to electric shocks. (rElec)
You are cold-blooded and may be slowed by cold attacks.


Message History

You are confused.
You feel invigorated.
The orc shouts!
The goblin hits you with a +0 hand axe.
* * * LOW HITPOINT WARNING * * *
The hobgoblin hits you with a +0 hand axe.
* * * LOW HITPOINT WARNING * * *
Okay, then.
You bump into the granite statue.
The orc warrior closely misses you. The goblin closely misses you.
The hobgoblin barely misses you.
You miss the orc knight.
The orc knight roars a battlecry!
The orc goes into a battle-frenzy!
The orc warrior barely misses you. The goblin misses you.
The hobgoblin closely misses you.
You thump the hobgoblin!
You kill the hobgoblin!
The orc knight barely misses you.
The orc warrior hits you with a +0 broad axe!!
You die...

#.......o...#.o.......
#...........#.......).
###.........###.......[
###.#'#.....###.###.....#
###...o.###.###...
###.### ##......o..###
.... ###.. #.....)..gg8#
..... #...
#........go8#o..... #...
#∩....⌠..oo@go..... #...
#......)..o8#...... #...
#..........8##..... #...
##.........###..... ###..
###.....###.###...
###.###
###.#'#.....###.###.....#
###.........###......))
#....)......#........)
#....o......#.........


You could see an orc knight, 5 orc warriors, 2 orcs, 2 hobgoblins and 2 goblins.

Vanquished Creatures
  An orc warlord (Bailey)
  Pikel (D:6)
  Sigmund (D:5)
  Edmund (D:5)
  11 orc warriors
  A sky beast (D:5)
  A phantom (D:5)
  4 ogres
  2 necrophages
  2 centaurs
  A scorpion (D:3)
  8 wights
  2 howler monkeys
  4 crimson imps
  2 bullfrog zombies (D:6)
  A centaur zombie (D:6)
  A quasit (D:5)
  2 orc priests
  A bullfrog skeleton (D:5)
  3 iguanas
  Natasha (thrice) (D:4)
  7 orc wizards
  9 worker ants
  A killer bee zombie (D:5)
  6 big kobold zombies (Ossuary)
  A hound zombie (D:6)
  A mummy (Ossuary)
  2 worker ant zombies
  14 adders
  12 gnolls (Bailey)
  An ooze (D:1)
  An adder zombie (D:5)
  3 adder skeletons
  2 worms
  A dart slug (D:3)
  2 leopard geckos
  51 orcs
  4 spectral bats (Ossuary)
  3 ball pythons
  2 giant cockroaches
  6 gnoll zombies (Ossuary)
  18 goblins
  15 hobgoblins
  3 jackals
  9 kobolds
  4 quokkas
  A ball python skeleton (D:5)
  8 bats
  5 bat simulacra (Ossuary)
  2 frilled lizards
  5 goblin simulacra (Ossuary)
  4 goblin zombies
  6 hobgoblin zombies (Ossuary)
  A jackal zombie (D:5)
  3 kobold simulacra (Ossuary)
  5 kobold zombies (Ossuary)
  4 orc zombies (Ossuary)
  6 rats
  2 rat simulacra (Ossuary)
  A rat zombie (D:4)
  A spectral goblin (Ossuary)
  3 spectral kobolds (Ossuary)
  5 spectral rats (Ossuary)
293 creatures vanquished.

Vanquished Creatures (others)
  3 slaves (D:6)
  A bullfrog (D:6)
  3 orcs (D:6)
7 creatures vanquished.

Grand Total: 300 creatures vanquished

Notes
Turn   | Place    | Note
-------+----------+-------------------------------------------
     0 | D:1      | Eqeqeq the Draconian Warper began the quest for the Orb.
     0 | D:1      | Reached XP level 1. HP: 17/17 MP: 3/3
    23 | D:1      | Reached skill level 1 in Throwing
   207 | D:1      | Reached XP level 2. HP: 25/25 MP: 5/5
   350 | D:1      | Learned a level 2 spell: Blink
   713 | D:2      | Noticed a necrophage
   828 | D:2      | Reached XP level 3. HP: 21/30 MP: 6/6
  1094 | D:3      | Reached skill level 3 in Maces & Flails
  1158 | D:3      | Reached XP level 4. HP: 24/37 MP: 7/7
  1331 | D:3      | Learned a level 3 spell: Gell's Gravitas
  1709 | D:3      | Reached XP level 5. HP: 40/45 MP: 8/8
  1859 | D:3      | Reached skill level 4 in Maces & Flails
  2155 | D:2      | Killed a necrophage
  2155 | D:2      | Reached XP level 6. HP: 52/52 MP: 9/9
  2426 | D:2      | Found a burning altar of Makhleb.
  2428 | D:2      | Found a glowing silver altar of Zin.
  2428 | D:2      | Noticed an angel
  2429 | D:2      | Noticed an Executioner
  2491 | D:2      | Learned a level 4 spell: Passage of Golubria
  2565 | D:4      | Found a sand-covered staircase.
  2584 | Ossuary  | Entered an ossuary
  3361 | Ossuary  | Reached skill level 5 in Maces & Flails
  3442 | Ossuary  | Your scales start taking on a glossy black colour.
  3442 | Ossuary  | Reached XP level 7. HP: 58/59 MP: 10/10
  3442 | Ossuary  | Gained mutation: You are resistant to electric shocks.
                  | (rElec) [Black Draconian growth]
  3807 | D:4      | Found a glowing golden altar of the Shining One.
  4052 | D:4      | Found a blossoming altar of Fedhas.
  4111 | D:4      | Noticed Natasha
  4120 | D:4      | Killed Natasha
  4206 | D:4      | Noticed Natasha
  4211 | D:4      | Killed Natasha
  4346 | D:4      | Noticed Natasha
  4352 | D:4      | Killed Natasha
  4352 | D:4      | Reached skill level 6 in Maces & Flails
  4360 | D:5      | Entered Level 5 of the Dungeon
  4400 | D:5      | Noticed Edmund
  4427 | D:5      | Killed Edmund
  4427 | D:5      | Reached skill level 5 in Fighting
  4427 | D:5      | Reached skill level 5 in Translocations
  4427 | D:5      | Reached XP level 8. HP: 63/68 MP: 11/11
  4609 | D:5      | Got a steaming flail
  4610 | D:5      | Identified the cursed +1 flail of Anyt {crush, -Tele rElec
                  | Int+6 SInv} (You found it on level 5 of the Dungeon)
  4728 | D:5      | Reached skill level 7 in Maces & Flails
  5091 | D:5      | Noticed Sigmund
  5104 | D:5      | Killed Sigmund
  5104 | D:5      | Reached skill level 5 in Dodging
  5319 | D:6      | Found a bloodstained altar of Trog.
  5397 | D:5      | Reached XP level 9. HP: 39/74 MP: 12/12
  5595 | D:6      | Reached skill level 8 in Maces & Flails
  5747 | D:6      | Noticed Pikel
  5759 | D:6      | Killed Pikel
  5759 | D:6      | Reached skill level 1 in Evocations
  5781 | D:6      | Found Niara's Food Shoppe.
  6094 | D:6      | Reached skill level 9 in Maces & Flails
  6842 | D:7      | Found a flagged portal.
  6864 | Bailey   | Entered a bailey
  7029 | Bailey   | Reached XP level 10. HP: 54/86 MP: 1/13
  7523 | Bailey   | Noticed an orc warlord
  7580 | Bailey   | Killed an orc warlord
  7710 | Bailey   | Noticed an orc knight
  7777 | Bailey   | Slain by an orc warrior

Vault maps used:
D:1:      roderic_dead_forest
D:2:      grunt_temple_overflow_order_and_chaos_2
D:3:      first_ration, kennysheep_generic_room_8
D:4:      lemuel_crystal_altar, enter_ossuary_4, nicolae_tso_carved_into_rock,
          uniq_natasha
D:5:      grunt_tough_drop, uniq_sigmund, uniq_edmund
D:6:      serial_shops, shop, bloody_trog, uniq_pikel
D:7:      marbit_many_paths, temple_pool_b, enter_bailey_6
Ossuary:  ossuary_zaba_two_paths
Bailey:   bailey_axe_minmay_hex_keep, bailey

Skill      XL: |  1  2  3  4  5  6  7  8  9 10 |
---------------+-------------------------------+-----
Throwing       | 1 |  1.0
Maces & Flails | 3 4 5 6 7 9 |  9.5
Fighting       | 3 4 5 6 7 |  7.8
Dodging        | 3 4 5 6 |  6.6
Translocations | 4 5 7 8 |  8.1
Evocations     | 2 3 |  3.5
Spellcasting   | |  2.0

Action                   |  1- 3 |  4- 6 |  7- 9 | 10-12 || total
-------------------------+-------+-------+-------+-------++-------
Melee: Mace              |    70 |   278 |    52 |       ||   400
       Tailslap          |     9 |    36 |    57 |     7 ||   109
       Flail             |    39 |       |   259 |    82 ||   380
       Trident           |       |       |    82 |       ||    82
       Dagger            |       |       |     7 |       ||     7
       Whip              |       |       |    98 |       ||    98
Throw: Tomahawk          |       |       |     8 |       ||     8
       Throwing net      |       |       |     2 |     1 ||     3
 Cast: Gell's Gravitas   |       |     6 |    12 |    13 ||    31
       Blink             |       |       |     1 |       ||     1
 Abil: Breathe Lightning |       |       |    10 |       ||    10
Evoke: Wand              |       |       |       |     7 ||     7
  Use: Potion            |       |     1 |     6 |     3 ||    10
       Scroll            |       |    11 |     4 |     2 ||    17
 Stab: Invisible         |       |     1 |       |       ||     1
       Sleeping          |       |       |     1 |       ||     1
       Held in net/web   |       |       |       |     1 ||     1
  Eat: Chunk             |     1 |     5 |    15 |     5 ||    26
       Ration            |       |     1 |       |       ||     1
Armor: Skin              |    49 |    94 |   151 |    23 ||   317
Dodge: Dodged            |    77 |   178 |   343 |    79 ||   677

Table legend:
 A = Non-vault XP
 B = Vault XP
 C = Vault XP percentage of total XP
 D = Non-vault monster count
 E = Vault monster count
 F = Vault count percentage of total count
                 A         B        C        D         E       F
            +---------+---------+-------+---------+---------+-------
      Total |    3948 |    4244 |  51.8 |     168 |     125 |  42.7
            +---------+---------+-------+---------+---------+-------
        D:1 |      32 |       0 |   0.0 |      19 |       0 |   0.0
        D:2 |     183 |       0 |   0.0 |      21 |       0 |   0.0
        D:3 |     243 |       3 |   1.2 |      22 |       1 |   4.3
        D:4 |     565 |      37 |   6.1 |      24 |       3 |  11.1
        D:5 |    1436 |     574 |  28.6 |      35 |       5 |  12.5
        D:6 |    1296 |     641 |  33.1 |      41 |       1 |   2.4
        D:7 |     193 |       0 |   0.0 |       6 |       0 |   0.0
    Ossuary |       0 |     237 | 100.0 |       0 |      59 | 100.0
     Bailey |       0 |    2752 | 100.0 |       0 |      56 | 100.0
            +---------+---------+-------+---------+---------+-------
